 Dungeon Crawl Stone Soup version 0.31-a0-216-g22e908daa7 (webtiles) character file.

Game seed: 12675774436686988162

29 qw the Shooter (level 3, -1/21 HPs)
             Began as a Gargoyle Hexslinger on July 2, 2023.
             Slain by Grinder (4 damage)
             ... on level 3 of the Dungeon.
             The game lasted 00:00:22 (979 turns).

qw the Shooter (Gargoyle Hexslinger)                 Turns: 979, Time: 00:00:22

Health: -1/21      AC:  8    Str: 11    XL:     3   Next: 16%
Magic:  4/4        EV: 10    Int: 13    God:
Gold:   82         SH:  0    Dex: 14    Spells: 3/4 levels left

rFire   . . .        Y - +1 sling
rCold   . . .        (no shield)
rNeg    + . .        d - +0 ring mail
rPois   inf          (no helmet)
rElec   +            (no cloak)
rCorr   .            (no gloves)
SInv    .            (no boots)
Will    .....        (no amulet)
Stlth   +            (no ring)
HPRegen 0.23/turn    (no ring)
MPRegen 0.09/turn

%: no passive effects
@: no status effects
A: sickness immunity, AC +3, negative energy resistance 1, electricity
resistance, torment resistance 1, petrification resistance
a: no special abilities


You were on level 3 of the Dungeon.
You visited 1 branch of the dungeon, and saw 3 of its levels.

You collected 82 gold pieces.


Innate Abilities, Weirdness & Mutations

You are immune to sickness and miasma.
Your stone body is resilient. (AC +3)
You are immune to poison.
You resist negative energy. (rN+)
You are resistant to electric shocks. (rElec)
You are resistant to unholy torment.
You are immune to petrification.


   Skills:
 - Level 2.0 Fighting
 + Level 3.1 Ranged Weapons
 - Level 1.5 Dodging
 - Level 1.0 Spellcasting
 - Level 2.6 Hexes


You had 3 spell levels left.
You knew the following spells:

 Your Spells              Type           Power      Damage    Failure   Level
a - Slow                  Hex            28%        N/A       22%         1

Your spell library contained the following spells:

 Spells                   Type           Power      Damage    Failure   Level
 Inner Flame              Hex/Fire       4%         N/A       75%         3
 Portal Projectile        Hex/Tloc       8%         N/A       75%         3
 Cause Fear               Hex            3%         N/A       92%         4

Inventory:

Hand Weapons
 Y - a +1 sling (weapon)
Armour
 d - a +0 ring mail (worn)
 h - a +0 cloak
Potions
 b - a potion of brilliance {unknown}
 e - a potion of mutation {unknown}
 g - a potion of attraction {unknown}

Dungeon Overview and Level Annotations

Branches:
Dungeon (3/15)

Altars:

Annotations:
D:3 Grinder


Message History

962 ||| FLEEEEING.
963 ||| FLEEEEING.
964 ||| FLEEEEING.
965 ||| FLEEEEING.
966 ||| STILL FLEEEEING.
Found 13 gold pieces and a brown potion.
967 ||| STILL FLEEEEING.
968 ||| FLEEEEING.
You start resting.
Grinder is nearby!
You shoot a sling bullet. The sling bullet hits Grinder.
Grinder is moderately wounded.
You shoot a sling bullet.
The sling bullet closely misses Grinder.
You shoot a sling bullet. The sling bullet hits Grinder.
Grinder is moderately wounded.
Grinder gestures at you. Pain shoots through your body!
You shoot a sling bullet.
The sling bullet closely misses Grinder.
Grinder closely misses you. Grinder hits you.
You writhe in agony.
You shoot a sling bullet. The sling bullet hits Grinder.
Grinder is moderately wounded.
Grinder closely misses you.
You shoot a sling bullet.
The sling bullet closely misses Grinder.
Grinder hits you.
You shoot a sling bullet. The sling bullet hits Grinder.
Grinder is moderately wounded.
Grinder barely misses you. Grinder gestures at you.
You suddenly lose the ability to move!
Grinder hits you.
Grinder grins, showing sharp teeth.
Grinder hits you but does no damage.
You can move again.
You shoot a sling bullet. The sling bullet hits Grinder.
Grinder is moderately wounded.
Grinder hits you.
You die...

..# ## ..!..# #....# #
#$...# ..### ....#
....###...#
#.......#.# ##
##........# ..
#...###.#@####.##.# .
#..##...5.........#
....##..##.#.#..<...#.
.....5..5....#......#
.....#####...#.####.#
+## ....##.....# #
..[......####
#........# #.##...#.#


You could see Grinder.

Vanquished Creatures
  2 ball pythons
  2 endoplasms
  2 giant cockroaches (D:1)
  2 goblins (D:1)
  7 hobgoblins
  5 kobolds
  4 rats
24 creatures vanquished.

Notes
Turn   | Place    | Note
-------+----------+-------------------------------------------
     0 | D:1      | qw the Gargoyle Hexslinger began the quest for the Orb.
     0 | D:1      | Reached XP level 1. HP: 12/12 MP: 2/2
     0 | D:1      | 0 ||| qw: Version: 0.3-a-35-g05ef00e
     0 | D:1      | 0 ||| qw: Game counter: 7851
     0 | D:1      | 0 ||| qw: Melee chars always use a shield: true
     0 | D:1      | 0 ||| qw: God list: Okawaru
     0 | D:1      | 0 ||| qw: Allow faded altars: false
     0 | D:1      | 0 ||| qw: Do Orc after clearing Dungeon:15 true
     0 | D:1      | 0 ||| qw: Do second Lair branch before Depths: true
     0 | D:1      | 0 ||| qw: Lair rune preference: random
     0 | D:1      | 0 ||| qw: Goals: Normal
     0 | D:1      | 0 ||| PLANNING D:1-11
    62 | D:1      | HP: 2/12 [hobgoblin (4)]
   154 | D:1      | Reached XP level 2. HP: 16/16 MP: 3/3
   244 | D:1      | Found a faded altar of an unknown god.
   272 | D:1      | Reached skill level 3 in Ranged Weapons
   548 | D:1      | 548 ||| READING scroll labelled NOAZORCHUOMM.
   549 | D:1      | 549 ||| DROPPING scroll of poison.
   592 | D:2      | Reached XP level 3. HP: 21/21 MP: 4/4
   919 | D:2      | 919 ||| UPGRADING to +0 ring mail.
   929 | D:2      | 929 ||| DROPPING +0 robe.
   930 | D:2      | 930 ||| READING scroll labelled CAW VONWEG ZUHIX.
   931 | D:2      | 931 ||| READING scroll labelled IMNOTHRUD GIAWA.
   957 | D:3      | Noticed Grinder
   962 | D:3      | 962 ||| FLEEEEING.
   963 | D:3      | 963 ||| FLEEEEING.
   964 | D:3      | 964 ||| FLEEEEING.
   965 | D:3      | 965 ||| FLEEEEING.
   968 | D:3      | 968 ||| FLEEEEING.
   976 | D:3      | Paralysed by Grinder for 3 turns
   977 | D:3      | HP: 2/21 [Grinder (5)]
   979 | D:3      | Slain by Grinder

Levels and vault maps discovered:
D:1:      co_arrival_square_in_a_square_in_a_square, layout_basic,
          ebering_ecumenical_altar_abandoned, minmay_stone_trees_small
D:2:      layout_basic
D:3:      minmay_spotlight, layout_basic,
          mainiacjoe_overflow_concentric_impassable, lemuel_crystal_altar,
          lemuel_crystal_altar, nicolae_sif_muna_condensation, demons_altar,
          uniq_grinder, uniq_sigmund, uniq_robin, uniq_ijyb

Skill      XL: |  1  2 |
---------------+-------+-----
Ranged Weapons | 3 |  3.1
Fighting       | 2 |  2.0
Dodging        | |  1.5
Spellcasting   | |  1.0
Hexes          | |  2.6

Action                     || total
---------------------------++-------
   Fire: Sling             ||    79
    Use: Scroll            ||     3
 Armour: Robe              ||     7
         Ring mail         ||     2
  Dodge: Dodged            ||    17

Table legend:
 A = Non-vault XP
 B = Vault XP
 C = Vault XP percentage of total XP
 D = Non-vault monster count
 E = Vault monster count
 F = Vault count percentage of total count
                 A         B        C        D         E       F
            +---------+---------+-------+---------+---------+-------
      Total |      42 |       0 |   0.0 |      24 |       0 |   0.0
            +---------+---------+-------+---------+---------+-------
        D:1 |      32 |       0 |   0.0 |      18 |       0 |   0.0
        D:2 |      10 |       0 |   0.0 |       6 |       0 |   0.0
            +---------+---------+-------+---------+---------+-------
